[Event "Team 45 45 League T25"]
[Site "Internet Chess Club"]
[Date "2005.01.10"]
[Round "4"]
[White "Midwest-Rook"]
[Black "chesskix"]
[Result "1/2-1/2"]
[WhiteElo "1351"]
[BlackElo "1498"]
[TimeControl "2700+45"]

1. e4 c5 2. Nc3 Nc6 3. g3 e5 4. Bg2 Nf6 5. d3 Be7 6. Be3 d6 7. Nf3 O-O 8. Qd2
Ng4 9. h3 Nxe3 10. Qxe3 Nd4 11. Qd2 Bd7 12. Nxd4 cxd4 13. Nd5 Bg5 14. Qb4 Bc6
15. Qc4 Rc8 16. O-O b5 17. Qb3 a5 18. c3 a4 19. Qc2 Bxd5 20. exd5 b4 21. Qxa4
bxc3 22. bxc3 dxc3 23. Qc2 Bd2 24. Rab1 Rb8 25. Rxb8 Qxb8 26. Rb1 Qa7 27. Be4 g6
28. Kg2 f5 29. Bf3 Rb8 30. Rxb8+ Qxb8 31. Kh2 Qb2 32. Bd1 Qb4 33. Qa4 Qxa4 34.
Bxa4 Kf7 35. Kg2 Ke7 36. Kf3 Kd8 37. Bb3 Kc7 38. a3 Kb6 39. Ke2 Bc1 40. a4 Ka5
41. Kd1 Bd2 42. Kc2 Be1 43. f3 Kb4 44. g4 fxg4 45. fxg4 h6 46. Ba2 Kxa4 47. Bb3+
Kb4 48. Bc4 e4 49. Ba6 e3 50. d4 Bf2 51. Bd3 g5 52. Be2 Be1 53. Bd3 Bd2 54. Be2
Ka5 55. Bc4 Kb6 56. Bd3 Kc7 57. Bc4 Kd7 58. Bd3 Ke7 59. Be2 Kf6 60. Bd3 Kg7 61.
Kb3 Kf6 62. Kc2 Be1 63. Kb3 Bd2 64. Kc2 Kg7 65. Kb3 h5 66. Be2 hxg4 67. hxg4 Kf6
68. Kc2 Ke7 69. Bc4 Kd7 70. Bb5+ Kc7 71. Bc4 Kb6 72. Kb3 Ka5 73. Bd3 Be1 74. Bc4
Bd2 75. Bd3 Kb6 76. Kc2 Ka5 77. Kb3 {Game drawn by repetition} 1/2-1/2

[Event "Team 45 45 League T25"]
[Site "Internet Chess Club"]
[Date "2005.01.07"]
[Round "4"]
[White "Gomer"]
[Black "wojozim"]
[Result "1-0"]
[WhiteElo "1390"]
[BlackElo "1373"]
[TimeControl "2700+45"]

1. e4 d5 2. exd5 Qxd5 3. Nc3 Qa5 4. Nf3 Nf6 5. d4 c6 6. Bd3 Bg4 7. O-O e6 8. Bd2
Qc7 9. Re1 Bd6 10. g3 Nbd7 11. Be2 O-O-O 12. Ng5 Bxe2 13. Qxe2 Nf8 14. Nce4 Be7
15. Nxf7 Rxd4 16. Be3 Rxe4 17. Nxh8 Bc5 18. Qd3 Bxe3 19. Rxe3 Rxe3 20. Qxe3 Kb8
21. Rd1 Qe7 22. Qd3 N8d7 23. Qd6+ Qxd6 24. Rxd6 Ne5 25. Rxe6 Nfd7 26. Re7 Kc7
27. Nf7 Ng6 28. Re6 Nc5 29. Re3 Nd7 30. f4 Nf6 31. f5 Nd5 32. fxg6 Nxe3 33. gxh7
{Black resigns} 1-0

[Event "Team 45 45 League T25"]
[Site "Internet Chess Club"]
[Date "2005.01.09"]
[Round "4"]
[White "cazj"]
[Black "DayDream01"]
[Result "1-0"]
[WhiteElo "1310"]
[BlackElo "1098"]
[TimeControl "2700+45"]

1. e4 e5 2. Nf3 Nc6 3. Bc4 Nf6 4. Nc3 Bb4 5. d3 Bxc3+ 6. bxc3 d5 7. exd5 Nxd5 8.
Bd2 O-O 9. O-O Re8 10. Re1 Na5 11. Nxe5 Nxc4 12. Nxc4 Be6 13. Ne5 Qd6 14. c4 Nb4
15. Re3 f6 16. Nf3 Nc6 17. Qe2 Qe7 18. Re1 Nd8 19. Nd4 Kf7 20. Qh5+ Kf8 21.
Nxe6+ Nxe6 22. Rxe6 Qf7 23. Bb4+ Kg8 24. Rxe8+ Rxe8 25. Rxe8+ Qxe8 26. Qxe8#
{Black checkmated} 1-0

[Event "Team 45 45 League T25"]
[Site "Internet Chess Club"]
[Date "2005.01.06"]
[Round "4"]
[White "GLuft"]
[Black "liger"]
[Result "0-1"]
[WhiteElo "1053"]
[BlackElo "1337"]
[TimeControl "2700+45"]

1. e4 e5 2. Nf3 Nc6 3. Bc4 d6 4. d3 Bg4 5. h3 Bh5 6. Nbd2 Be7 7. O-O Nf6 8. c3
O-O 9. Qa4 a6 10. Ng5 b5 11. Bxf7+ Bxf7 12. Nxf7 bxa4 13. Nxd8 Raxd8 14. Nf3 d5
15. Bg5 dxe4 16. dxe4 Nxe4 17. Bxe7 Nxe7 18. Nxe5 Rd2 19. Kh2 Nxf2 20. Ng4 Nxg4+
21. hxg4 Rxf1 22. Rxf1 Rxb2 23. Re1 Kf7 24. Rf1+ Ke8 25. a3 Ra2 26. Rf3 Rxa3 27.
c4 Rxf3 28. gxf3 a3 {White resigns} 0-1

[Event "Team 45 45 League T25"]
[Site "Internet Chess Club"]
[Date "2005.01.07"]
[Round "4"]
[White "mrmarck"]
[Black "fuzzface"]
[Result "1/2-1/2"]
[WhiteElo "1418"]
[BlackElo "1314"]
[TimeControl "2700+45"]

1. d4 Nf6 2. e3 g6 3. c4 Bg7 4. Nf3 d6 5. Nc3 O-O 6. Be2 a6 7. b3 Bg4 8. O-O c6
9. Rb1 d5 10. Ne5 Ne4 11. Nxe4 Bxe2 12. Qxe2 dxe4 13. Bb2 f6 14. Ng4 f5 15. Ne5
Bxe5 16. dxe5 Qd3 17. Qxd3 exd3 18. Rfd1 Rd8 19. Bd4 a5 20. Rb2 Na6 21. Bb6 Rd7
22. Rbd2 Nb8 23. Rxd3 Ra6 24. Rxd7 Nxd7 25. Rxd7 Rxb6 26. g3 a4 27. Rd3 Kf7 28.
bxa4 Rb4 29. Ra3 {Game drawn by mutual agreement} 1/2-1/2

[Event "Team 45 45 League T25"]
[Site "Internet Chess Club"]
[Date "2005.01.12"]
[Round "4"]
[White "klt713"]
[Black "NineMilly"]
[Result "1-0"]
[WhiteElo "1246"]
[BlackElo "1130"]
[TimeControl "2700+45"]

1. d4 Nf6 2. c4 g6 3. Nc3 Bg7 4. Nf3 O-O 5. e4 d6 6. Be2 Nc6 7. O-O Bd7 8. Bg5
Ng4 9. h3 Nf6 10. Qd2 e5 11. Nd5 Be6 12. Rad1 Bxd5 13. exd5 Nxd4 14. Nxd4 exd4
15. Qxd4 Qe7 16. Bf3 Qe5 17. Qxe5 dxe5 18. Rfe1 Nd7 19. b3 f6 20. Bd2 Rfe8 21.
Bb4 Bh6 22. d6 c6 23. Bc3 Bf4 24. g3 Bh6 25. b4 Bf8 26. h4 Re6 27. c5 Rc8 28.
Bg4 f5 29. Bh3 Bg7 30. g4 Rf8 31. a4 e4 32. Bxg7 Kxg7 33. gxf5 gxf5 34. Kh2 Re5
35. Rg1+ Kh8 36. Rg5 a6 37. Rdg1 a5 38. Rg7 e3 39. fxe3 axb4 40. Rxd7 Rxc5 41.
Rgg7 Rc2+ 42. Bg2 Rxg2+ 43. Kxg2 Rg8 44. Rxb7 Rxg7+ 45. Rxg7 Kxg7 46. d7 b3 47.
d8=Q b2 48. Qd4+ Kg6 49. Qxb2 h5 50. Qc2 c5 51. a5 c4 52. a6 c3 53. Qxc3 f4 54.
exf4 Kh7 55. a7 Kg8 56. Qc7 {Black resigns} 1-0

[Event "Team 45 45 League T25"]
[Site "Internet Chess Club"]
[Date "2005.01.06"]
[Round "4"]
[White "SandiaCaveMan"]
[Black "Rojo"]
[Result "1-0"]
[WhiteElo "1245"]
[BlackElo "1136"]
[TimeControl "2700+45"]

1. d4 d5 2. Nf3 Nf6 3. e3 e6 4. Bd3 Bb4+ 5. c3 Ba5 6. Nbd2 O-O 7. O-O Bd7 8. Re1
b5 9. b4 Bb6 10. Ne5 a5 11. Ndf3 Nc6 12. Nxd7 Qxd7 13. Bxb5 Qd6 14. Bd2 axb4 15.
Bxc6 Qxc6 16. cxb4 Qb7 17. Qc2 c6 18. Rec1 Qa6 19. Ne5 Rfc8 20. Nxc6 Qb7 21. b5
Ba5 22. Bxa5 Qxb5 23. Ne7+ {Black resigns} 1-0

[Event "Team 45 45 League T25"]
[Site "Internet Chess Club"]
[Date "2005.01.07"]
[Round "4"]
[White "ffplayer"]
[Black "Tom45"]
[Result "0-1"]
[WhiteElo "1038"]
[BlackElo "1153"]
[TimeControl "2700+45"]

1. d4 d5 2. c4 dxc4 3. Nc3 Nf6 4. Nf3 e6 5. Bg5 Nbd7 6. e3 h6 7. Bxf6 Nxf6 8.
Bxc4 Bb4 9. Rc1 O-O 10. O-O Bxc3 11. Rxc3 a6 12. Qc2 c6 13. Bd3 Kh8 14. a3 g6
15. b4 b6 16. Be2 Bb7 17. Re1 a5 18. Qd2 axb4 19. Rcc1 bxa3 20. Ne5 Qc7 21. Bf3
Qd6 22. Bxc6 Bxc6 23. Rxc6 Ne4 24. Qc2 Qd5 25. Rxb6 Rfc8 26. Rc6 a2 27. Ra1 Kg7
28. Rxc8 Rxc8 29. Qxc8 Qb3 30. Qc1 Nc3 31. h3 Ne2+ 32. Kh2 Nxc1 33. Rxc1 Qb7 34.
Ra1 Qb2 35. Rxa2 Qxa2 36. f3 Qa5 37. Ng4 Qa7 38. Kg3 Qc7+ 39. f4 g5 40. Ne5 f6
41. Nd3 Qc3 42. Nc5 Qxe3+ 43. Kg4 Qxf4+ 44. Kh5 Qh4# {White checkmated} 0-1

[Event "Team 45 45 League T25"]
[Site "Internet Chess Club"]
[Date "2005.01.15"]
[Round "4"]
[White "az2112"]
[Black "fernbap"]
[Result "1-0"]
[WhiteElo "1749"]
[BlackElo "1720"]
[TimeControl "2700+45"]

1. e4 c5 2. Nf3 Nc6 3. d4 cxd4 4. Nxd4 Nf6 5. Nc3 d6 6. Be2 a6 7. Be3 e5 8. Nb3
Be6 9. f3 Na5 10. Nd5 Bxd5 11. exd5 b5 12. Nxa5 Qxa5+ 13. c3 Be7 14. O-O O-O 15.
c4 bxc4 16. Bxc4 Rfc8 17. b3 Bd8 18. Kh1 Qc7 19. Rc1 Qb7 20. Qd3 Nd7 21. Bxa6
Rxa6 22. Rxc8 Qxc8 23. Rc1 Qb7 24. Qc4 Ra8 25. Qc6 Rb8 26. Qxd6 h6 27. Qc6 Nb6
28. Qe8+ Kh7 29. Qxe5 Qxd5 30. Qxb8 {Black resigns} 1-0

[Event "Team 45 45 League T25"]
[Site "Internet Chess Club"]
[Date "2005.01.08"]
[Round "4"]
[White "reijo"]
[Black "GadsHill"]
[Result "0-1"]
[WhiteElo "1539"]
[BlackElo "1651"]
[TimeControl "2700+45"]

1. d4 Nf6 2. Nf3 d5 3. e3 Nbd7 4. Bd3 c5 5. c3 g6 6. Nbd2 Bg7 7. e4 dxe4 8. Nxe4
Nxe4 9. Bxe4 cxd4 10. Nxd4 O-O 11. O-O Nc5 12. Bc2 b6 13. Re1 Bb7 14. Bg5 Qd5
15. Nf3 e6 16. Qxd5 Bxd5 17. Be7 Rfe8 18. Bxc5 bxc5 19. Ne5 Rad8 20. Ba4 Re7 21.
Rad1 Rb8 22. Bc6 Rxb2 23. Bxd5 exd5 24. Rxd5 Bxe5 25. f4 Bd4+ 26. Kf1 Rxe1+ 27.
Kxe1 Bxc3+ 28. Kd1 Bd4 {White resigns} 0-1

[Event "Team 45 45 League T25"]
[Site "Internet Chess Club"]
[Date "2005.01.07"]
[Round "4"]
[White "dondel"]
[Black "JesterFox"]
[Result "0-1"]
[WhiteElo "1647"]
[BlackElo "1516"]
[TimeControl "2700+45"]

1. e4 e5 2. Bc4 Nc6 3. Nc3 Nf6 4. Nf3 b6 5. d4 d6 6. d5 Na5 7. Be2 Bb7 8. Bg5
Bc8 9. Qd2 Be7 10. O-O h6 11. Be3 Ng4 12. b4 Nxe3 13. Qxe3 Nb7 14. a3 O-O 15.
Bd1 a5 16. b5 Nc5 17. a4 f5 18. exf5 Bxf5 19. Ne2 e4 20. Nfd4 Bg5 21. f4 exf3
22. Qxf3 Be4 23. Qxf8+ Qxf8 24. Rxf8+ Kxf8 25. Ng3 Be3+ 26. Kf1 Bxd4 27. Ra2
Bxd5 {White resigns} 0-1

[Event "Team 45 45 League T25"]
[Site "Internet Chess Club"]
[Date "2005.01.08"]
[Round "4"]
[White "Traho"]
[Black "Stanleyh"]
[Result "1-0"]
[WhiteElo "1379"]
[BlackElo "1375"]
[TimeControl "2700+45"]

1. e4 e6 2. d4 d5 3. Nd2 c5 4. exd5 Qxd5 5. Nb3 Nc6 6. Nf3 Nf6 7. c4 Qd7 8. Be3
cxd4 9. Nfxd4 Bb4+ 10. Bd2 Bxd2+ 11. Qxd2 Nxd4 12. Qxd4 Qe7 13. Rd1 Qb4+ 14. Qd2
Qxd2+ 15. Rxd2 Ke7 16. f3 Nd7 17. Be2 b6 18. Kf2 Ba6 19. Rhd1 Rhd8 20. Nd4 Rac8
21. b3 Nc5 22. Ke3 Bb7 23. Nb5 Rxd2 24. Rxd2 a6 25. Nd6 Rd8 26. Nxb7 Nxb7 27.
Rxd8 Kxd8 28. Kf4 Ke7 29. Bd3 h6 30. Be4 Nd6 31. Bd3 Kf6 32. c5 bxc5 33. Bxa6 h5
34. Bd3 g5+ 35. Kg3 Ke5 36. a4 Nb7 37. h4 f6 38. Kh3 Na5 39. Bc4 Nc6 40. Be2 f5
41. g3 Kf6 42. f4 g4+ 43. Kg2 e5 44. fxe5+ Kxe5 45. Bd3 Na5 46. Bc4 f4 47. Bf7
f3+ 48. Kf2 Ke4 49. Bxh5 Nxb3 50. Bxg4 Nd2 51. a5 c4 52. a6 Ke5 53. a7 c3 54.
a8=Q Ne4+ 55. Kxf3 Nd2+ 56. Kg2 c2 57. Qa5+ {Black resigns} 1-0

[Event "Team 45 45 League T25"]
[Site "Internet Chess Club"]
[Date "2005.01.09"]
[Round "4"]
[White "qs16"]
[Black "foodfight"]
[Result "1-0"]
[WhiteElo "1670"]
[BlackElo "1578"]
[TimeControl "2700+45"]

1. d4 Nf6 2. Nd2 d5 3. e3 g6 4. Bd3 Bg7 5. f4 O-O 6. Ngf3 c5 7. c3 b6 8. O-O Bb7
9. Ne5 Nbd7 10. Ndf3 Ne4 11. Nxd7 Qxd7 12. Ne5 Qc8 13. Qe2 Qc7 14. Bxe4 dxe4 15.
b3 Qc8 16. Bb2 Rb8 17. c4 f6 18. Ng4 Ba6 19. dxc5 b5 20. Bd4 bxc4 21. bxc4 Rb4
22. Rfc1 Qe6 23. Nf2 Bxc4 24. Qc2 Rd8 25. a3 Rb3 26. Qxc4 Rxd4 27. Qxe6+ {Black
resigns} 1-0

[Event "Team 45 45 League T25"]
[Site "Internet Chess Club"]
[Date "2005.01.09"]
[Round "4"]
[White "pompboy"]
[Black "bubbarook"]
[Result "1-0"]
[WhiteElo "1601"]
[BlackElo "1317"]
[TimeControl "2700+45"]

1. e4 c6 2. d4 d5 3. exd5 cxd5 4. c4 Nf6 5. Nc3 Nc6 6. Nf3 g6 7. Bg5 e6 8. Be2
Bg7 9. O-O Qb6 10. b3 O-O 11. Re1 Ne4 12. Rc1 Nxc3 13. Rxc3 Nxd4 14. Nxd4 Bxd4
15. Rf3 Qc5 16. cxd5 Qxd5 17. Be3 Bxe3 18. Qxd5 Bxf2+ 19. Kxf2 exd5 20. Rd3 Be6
21. Bf3 Rac8 22. Bxd5 Bxd5 23. Rxd5 Rc2+ 24. Re2 Rxe2+ 25. Kxe2 Re8+ 26. Kd3 Re7
27. a4 Kf8 28. h4 Ke8 29. Kc4 Re4+ 30. Rd4 Rxd4+ 31. Kxd4 f5 32. Ke5 Ke7 33. h5
g5 34. Kxf5 {Black resigns} 1-0

[Event "Team 45 45 League T25"]
[Site "Internet Chess Club"]
[Date "2005.01.11"]
[Round "4"]
[White "NFK"]
[Black "Loco-Motif"]
[Result "1/2-1/2"]
[WhiteElo "1781"]
[BlackElo "1850"]
[TimeControl "2700+45"]

1. e4 e5 2. Nf3 Nf6 3. d4 Nxe4 4. Bd3 Nc6 5. Bxe4 d5 6. Bxd5 Qxd5 7. Nc3 Bb4 8.
Bd2 Bxc3 9. Bxc3 Bg4 10. dxe5 O-O-O 11. Qxd5 Rxd5 12. Ng5 Nxe5 13. f4 f6 14.
fxe5 fxg5 15. O-O Be6 16. a3 b6 17. Rad1 Rhd8 18. Rxd5 Rxd5 19. Re1 Kd7 20. Kf2
Ke7 21. g3 Kf7 22. Kf3 Kg6 23. g4 Kf7 24. Kg3 a5 25. Kf3 Rc5 26. Rd1 Ke7 27. h3
Rd5 28. Re1 h5 29. Kg3 h4+ 30. Kf2 Rc5 31. Rd1 Rd5 32. Re1 Kf7 33. Ke3 Rd7 34.
Rf1+ Kg6 35. Rf8 Rd1 36. Ke2 Rh1 37. Rf3 Rxh3 38. Rf2 Bxg4+ 39. Kf1 Rf3 40. Rxf3
Bxf3 41. e6 Bd1 42. Be5 c6 43. Bc7 b5 44. Bd8 Bxc2 45. Bxa5 g4 46. Bd8 h3 47.
Bh4 Bb3 48. Kf2 Bxe6 49. Kg3 Kf5 50. Be7 Bb3 51. Bc5 Ke4 52. Bg1 Bd1 53. Bc5 Kd3
54. Bf2 Kc4 55. Be1 c5 56. Bc3 g6 57. Bh8 b4 58. axb4 cxb4 59. Bg7 b3 60. Bf6
Kd3 61. Be7 Bf3 62. Bc5 Ke2 63. Bd4 Kf1 64. Be3 Bg2 65. Ba7 Bf3 66. Bb6 Ke2 67.
Bd4 Kd3 68. Bc3 Bg2 69. Bb4 Bf1 70. Bc3 Ke4 71. Ba5 Be2 72. Bc7 Bf3 73. Bb6 Be2
74. Bc7 Kd3 75. Bd6 Kc2 76. Be5 Kd3 77. Bd6 Ke4 78. Bc5 Kd5 79. Ba7 Kc6 80. Bd4
Bd3 81. Be5 Kd5 82. Bb8 Kd4 83. Kxg4 Bf5+ 84. Kg3 Ke3 85. Ba7+ Ke2 86. Bc5 Kf1
87. Bd4 g5 88. Ba7 Ke2 89. Bb6 g4 90. Ba7 Kd3 91. Bb8 Kc2 92. Be5 Be4 93. Bc3
Bd5 94. Bd4 Kd3 95. Bc3 Ke4 96. Ba5 Kd3 97. Bc3 Kc2 98. Be5 Bg2 99. Bc3 Bf1 100.
Be5 Bc4 101. Bc3 Bd5 102. Bd4 Kd3 103. Bc3 Ke4 104. Bb4 Kd4 105. Bc3+ Kd3 106.
Be5 Kc2 107. Bc3 Be4 108. Be5 Bf3 109. Bc3 Bh1 110. Bd4 Kd3 111. Bc3 Bd5 112.
Be5 Ke4 113. Bc3 {Game drawn by mutual agreement} 1/2-1/2

[Event "Team 45 45 League T25"]
[Site "Internet Chess Club"]
[Date "2005.01.08"]
[Round "4"]
[White "Rookmaster"]
[Black "Egmont"]
[Result "0-1"]
[WhiteElo "1757"]
[BlackElo "1627"]
[TimeControl "2700+45"]

1. e4 c5 2. Nf3 Nc6 3. Bb5 g6 4. O-O Bg7 5. Re1 Nf6 6. e5 Nd5 7. Nc3 Nc7 8. Bxc6
dxc6 9. Ne4 Ne6 10. d3 O-O 11. Be3 b6 12. Qd2 Nd4 13. Nxd4 cxd4 14. Bh6 Bb7 15.
Bxg7 Kxg7 16. Qg5 c5 17. h4 Bxe4 18. Rxe4 f5 19. exf6+ exf6 20. Qg3 Qd7 21. Rae1
Rae8 22. f3 Rxe4 23. fxe4 Qe6 24. a3 f5 25. exf5 Qxf5 26. Re7+ Rf7 27. Qc7 Qf2+
{White resigns} 0-1

[Event "Team 45 45 League T25"]
[Site "Internet Chess Club"]
[Date "2005.01.08"]
[Round "4"]
[White "SkatingBishop"]
[Black "thetexan"]
[Result "1-0"]
[WhiteElo "1767"]
[BlackElo "1634"]
[TimeControl "2700+45"]

1. e4 e5 2. Nf3 Nf6 3. Nxe5 d6 4. Nf3 Nxe4 5. d4 d5 6. Bd3 Bd6 7. O-O O-O 8. c4
c6 9. cxd5 cxd5 10. Nc3 Nxc3 11. bxc3 Nc6 12. Qc2 h6 13. Rb1 Rb8 14. Be3 Bg4 15.
Be2 Qf6 16. Rb5 Ne7 17. Re1 a6 18. Rb3 b5 19. h3 Bf5 20. Bd3 Bxd3 21. Qxd3 Bc7
22. Bc1 Nf5 23. Ne5 Rfe8 24. Nf3 Nd6 25. Re5 Rxe5 26. dxe5 Qf5 27. Qxd5 Nc4 28.
Be3 Rd8 29. Nd4 Rxd5 30. Nxf5 Rd1+ 31. Kh2 Bxe5+ 32. g3 Ra1 33. Ne7+ Kf8 34. Nc6
Rxa2 35. Nxe5 Nxe5 36. Kg2 Nc4 37. Bc5+ Ke8 38. Rb1 Re2 39. Kf3 Re6 40. Kg2 g6
41. h4 h5 42. Ra1 Kd7 43. Bb4 Re8 44. Rxa6 Re6 45. Ra7+ Ke8 46. Rb7 Re5 47. f4
Rd5 48. Re7+ Kf8 49. Re5+ Kg7 50. Rxd5 Ne3+ 51. Kf3 Nxd5 52. Ke4 Nb6 53. Kd4 Kf6
54. Kc5 Nc4 55. Kxb5 Ne3 56. c4 Kf5 57. c5 Kg4 58. c6 Nd5 59. Kc5 Nc7 60. Be1
Kf3 61. Kd6 Ne6 62. Ke7 Ke2 63. Bc3 Kf3 64. f5 gxf5 65. Be5 Ke4 66. Bf4 Kd5 67.
c7 Nxc7 68. Bxc7 Ke4 69. Kxf7 Kf3 70. Kg6 Kg4 71. Kf6 f4 72. Bxf4 Kh3 73. Kg5
{Black resigns} 1-0

[Event "Team 45 45 League T25"]
[Site "Internet Chess Club"]
[Date "2005.01.08"]
[Round "4"]
[White "DaveTheRook"]
[Black "chinta"]
[Result "1-0"]
[WhiteElo "1673"]
[BlackElo "1626"]
[TimeControl "2700+45"]

1. Nf3 d5 2. g3 Nc6 3. d4 Nf6 4. Bg2 Bf5 5. O-O e6 6. c3 Bd6 7. Nbd2 h6 8. Re1
Ne7 9. Qb3 b6 10. Nh4 c6 11. Nxf5 Nxf5 12. e4 dxe4 13. Nxe4 Ng4 14. h3 Nxf2 15.
Kxf2 O-O 16. Nxd6 Nxd6 17. Bf4 Qf6 18. Kg1 Nf5 19. Rad1 Qg6 20. c4 Rad8 21. Qc3
h5 22. Be4 c5 23. d5 exd5 24. Rxd5 Rxd5 25. cxd5 Re8 26. Qd3 Qf6 27. Re2 Nd4 28.
Bh7+ Kf8 29. Rxe8+ Kxe8 30. Be4 g5 31. Bd2 b5 32. Bc3 b4 33. Bxd4 Qxd4+ 34. Qxd4
cxd4 35. Kf2 Ke7 36. Ke2 Kd6 37. Kd3 Kc5 38. b3 a6 39. h4 f6 40. Bf3 {Black
resigns} 1-0

[Event "Team 45 45 League T25"]
[Site "Internet Chess Club"]
[Date "2005.01.07"]
[Round "4"]
[White "camembert"]
[Black "trikmamak"]
[Result "1-0"]
[WhiteElo "1922"]
[BlackElo "2205"]
[TimeControl "2700+45"]

1. e4 c5 2. Nf3 Nc6 3. Bb5 g6 4. O-O Bg7 5. c3 Nf6 6. Re1 O-O 7. d4 cxd4 8. cxd4
d5 9. e5 Ne4 10. Nc3 Nxc3 11. bxc3 Qa5 12. Qb3 Bg4 13. Re3 a6 14. Be2 Rfc8 15.
h3 Bf5 16. Nh4 Be6 17. Bg4 Bxg4 18. hxg4 e6 19. Ba3 Bh6 20. Rd3 Qb5 21. Qc2 Na5
22. Be7 Rc7 23. g5 Bg7 24. Bf6 Bf8 25. Nf3 Nc4 26. Rb1 Na3 27. Rxb5 Nxc2 28. Rb3
Na3 29. Nh2 Rac8 30. Rh3 Nb5 31. c4 h5 32. gxh6 Kh7 33. Nf3 g5 34. Nxg5+ Kg6 35.
h7 Bg7 36. Bxg7 Kxg7 37. cxb5 a5 38. h8=Q+ Rxh8 39. Rxh8 Kxh8 40. Rb2 Kg7 41.
Kf1 b6 42. Ke2 Rc1 43. Nf3 a4 44. Kd3 Ra1 45. Nd2 Kg6 46. Kc3 Rg1 47. g3 Kf5 48.
Kd3 Ra1 49. Rc2 f6 50. exf6 Kxf6 51. Kc3 Kf5 52. Nf3 Rb1 53. Rb2 Rc1+ 54. Kd3
Ra1 55. Ne5 a3 56. Rc2 Rd1+ 57. Ke3 Re1+ 58. Kd2 Rb1 59. f3 Rxb5 60. Kd3 Rb1 61.
Rc3 Rd1+ 62. Ke3 Re1+ 63. Kd2 Rg1 64. Rxa3 Rxg3 65. Ke3 Rg1 66. Rb3 Re1+ 67. Kd2
Ra1 68. Rb2 Rh1 69. Rxb6 Rh2+ 70. Kc3 Rxa2 71. Kb4 Rc2 72. Kb5 Rd2 73. Kc5 Rc2+
74. Kd6 Rd2 75. Rb4 Ra2 76. Nc6 Ra3 77. Rb8 Ra6 78. Rf8+ Kg6 79. Re8 Ra3 80.
Rxe6+ Kf5 81. Re5+ Kf6 82. Kxd5 Rxf3 83. Kd6 Kf7 84. d5 Rd3 85. Kd7 Kf8 86. d6
Rh3 87. Kc8 {Black resigns} 1-0

[Event "Team 45 45 League T25"]
[Site "Internet Chess Club"]
[Date "2005.01.07"]
[Round "4"]
[White "nursey"]
[Black "forquesato"]
[Result "0-1"]
[WhiteElo "1688"]
[BlackElo "1768"]
[TimeControl "2700+45"]

1. e4 c5 2. Nf3 d6 3. d4 cxd4 4. Nxd4 Nf6 5. Nc3 e6 6. Be2 Nc6 7. Nxc6 bxc6 8.
O-O Be7 9. Bg5 O-O 10. Re1 Qc7 11. a3 Bd7 12. Bf3 h6 13. Bh4 Rfe8 14. Qe2 d5 15.
e5 Nh7 16. Bxe7 Rxe7 17. Rad1 Rb8 18. b3 Qa5 19. Nb1 c5 20. Qd2 Qb6 21. a4 Ng5
22. Bg4 Ne4 23. Qe3 Qc7 24. Nd2 Nxd2 25. Rxd2 Be8 26. Red1 c4 27. f4 cxb3 28.
cxb3 Qb6 29. Qxb6 Rxb6 30. Rd3 Rb4 31. g3 Reb7 32. Kf2 Rxb3 33. Rd4 R7b4 34.
Rxb4 Rxb4 35. a5 Ra4 36. Ke3 Rxa5 37. Kd4 Ra4+ 38. Kc3 a5 39. Kb3 Rc4 40. Rd3
Kf8 41. Bf3 Bb5 42. Rd2 a4+ 43. Ka3 Rc3+ 44. Kb4 Rxf3 45. Kxb5 a3 46. Ka4 f6 47.
Ra2 fxe5 48. fxe5 Kf7 49. Rxa3 Rxa3+ 50. Kxa3 Kg6 51. Kb4 Kf5 52. Kc5 Kxe5
{White resigns} 0-1

[Event "Team 45 45 League T25"]
[Site "Internet Chess Club"]
[Date "2005.01.09"]
[Round "4"]
[White "swingdoc"]
[Black "rabanito"]
[Result "1-0"]
[WhiteElo "1734"]
[BlackElo "1465"]
[TimeControl "2700+45"]

1. e4 e5 2. Nf3 Nc6 3. Bc4 Nf6 4. d4 exd4 5. O-O d5 6. exd5 Nxd5 7. Re1+ Be7 8.
Nxd4 Nxd4 9. Qxd4 c6 10. Qxg7 Kd7 11. Bxd5 Rg8 12. Qxf7 cxd5 13. Qe6+ Kc7 14.
Qxe7+ Qxe7 15. Rxe7+ Kd6 16. Rxh7 Bf5 17. Rh6+ Ke7 18. Nc3 Rad8 19. Rh5 Ke6 20.
Bf4 a6 21. Re1+ Kf6 22. h4 Rg4 23. Bg5+ Rxg5 24. Rxg5 d4 25. Ne4+ {Black
resigns} 1-0

[Event "Team 45 45 League T25"]
[Site "Internet Chess Club"]
[Date "2005.01.09"]
[Round "4"]
[White "mal57"]
[Black "Rainbird"]
[Result "0-1"]
[WhiteElo "1412"]
[BlackElo "1649"]
[TimeControl "2700+45"]

1. e4 e5 2. Nf3 Nc6 3. Nc3 Nf6 4. Bc4 Nxe4 5. Nxe4 d5 6. Bb5 dxe4 7. Nxe5 Qd5 8.
Bxc6+ bxc6 9. d4 Ba6 10. Be3 Bd6 11. Bf4 O-O-O 12. c3 f6 13. Qg4+ Kb7 14. b3
fxe5 15. dxe5 Bxe5 16. c4 Bc3+ {White resigns} 0-1

[Event "Team 45 45 League T25"]
[Site "Internet Chess Club"]
[Date "2005.01.11"]
[Round "4"]
[White "DeLaSalle"]
[Black "softbunney"]
[Result "1/2-1/2"]
[WhiteElo "2025"]
[BlackElo "2116"]
[TimeControl "2700+45"]

1. d4 d5 2. Nf3 Nf6 3. e3 c6 4. Bd3 Bg4 5. c4 Nbd7 6. cxd5 cxd5 7. O-O e6 8.
Nbd2 Bd6 9. b3 a6 10. a4 Qe7 11. Bb2 O-O 12. Qb1 Rfc8 13. Ne5 Bh5 14. Nxd7 Qxd7
15. Ba3 Bg6 16. Bxg6 hxg6 17. Bxd6 Qxd6 18. Rc1 Rc6 19. Ra2 Rac8 20. Rac2 R8c7
21. Nf3 Qb4 22. Rxc6 Rxc6 23. Rxc6 bxc6 24. Ne5 Ne4 25. h3 Qd2 26. Qf1 Qc2 27.
Ng4 a5 28. Qa6 f5 29. Qxa5 g5 30. Qd8+ Kh7 31. Qe8 Qxb3 32. Qh5+ Kg8 33. Qe8+
Kh7 34. Qh5+ Kg8 35. Qe8+ Kh7 36. Qh5+ Kg8 37. Qe8+ Kh7 38. Qh5+ Kg8 39. Qe8+
Kh7 40. Qh5+ {Game drawn by repetition} 1/2-1/2

[Event "Team 45 45 League T25"]
[Site "Internet Chess Club"]
[Date "2005.01.09"]
[Round "4"]
[White "Akaineco"]
[Black "SpanishFly"]
[Result "1-0"]
[WhiteElo "2017"]
[BlackElo "1951"]
[TimeControl "2700+45"]

1. e4 e6 2. f4 d5 3. Nc3 d4 4. Nb1 Nf6 5. d3 Bc5 6. Nf3 Nc6 7. Nbd2 Ng4 8. Nc4
b5 9. Nce5 Ncxe5 10. Nxe5 Bb4+ 11. Bd2 Ne3 12. Qc1 Bxd2+ 13. Qxd2 f6 14. Nf3 c5
15. g3 e5 16. f5 Bb7 17. Nh4 Ng4 18. Bh3 Nh6 19. Rf1 Rc8 20. a4 bxa4 21. Rxa4
Qb6 22. b3 Bc6 23. Ra3 O-O 24. Ke2 Nf7 25. Rfa1 Rc7 26. Ra6 Qb7 27. Bg2 Nd6 28.
Qa5 Nb5 29. Kf1 Bd7 30. Nf3 Qb8 31. Qd2 Nc3 32. Ng1 Bb5 33. R6a5 Bd7 34. Ne2 Nb5
35. h4 Nd6 36. Qc1 Bc8 37. Qa3 Nb5 38. Qa4 a6 39. Qc4+ Kh8 40. g4 Bb7 41. Kf2
Qd8 42. Qa4 Qe7 43. Bf3 Na7 44. Qc4 Rb8 45. Rg1 Rc6 46. g5 Bc8 47. gxf6 gxf6 48.
Qg8# {Black checkmated} 1-0

[Event "Team 45 45 League T25"]
[Site "Internet Chess Club"]
[Date "2005.01.10"]
[Round "4"]
[White "DeepGlue"]
[Black "Zornorph"]
[Result "0-1"]
[WhiteElo "1985"]
[BlackElo "1955"]
[TimeControl "2700+45"]

1. d4 Nf6 2. c4 e5 3. dxe5 Ng4 4. Nf3 Nc6 5. Nc3 Ngxe5 6. e3 d6 7. Be2 Be6 8. b3
g6 9. O-O Bg7 10. Bb2 O-O 11. Rc1 Qd7 12. Nd4 Rad8 13. Nxe6 fxe6 14. Qc2 Qe7 15.
Rcd1 b6 16. f4 Nd7 17. Bf3 Ncb8 18. b4 a6 19. a3 Nf6 20. Rd2 Nbd7 21. Rfd1 Kf7
22. e4 Kg8 23. Kh1 Ne8 24. g3 Nef6 25. Re2 Ne8 26. Kg2 Bxc3 27. Bxc3 e5 28. f5
g5 29. Red2 Nef6 30. g4 Rb8 31. Qa4 a5 32. Qc6 axb4 33. axb4 Rfc8 34. Ra2 b5 35.
cxb5 Qf7 36. Ra6 Qb3 37. Be2 Kg7 38. Qc4 Qxc4 39. Bxc4 Nxe4 40. Be1 Nef6 41. h3
Rb7 42. Rc6 Ra8 43. Ra6 Rab8 44. Bf2 Ne4 45. Be1 Nb6 46. Be2 d5 47. Bf3 Nf6 48.
Bc3 Re8 49. Re1 e4 50. Be2 Kf7 51. Bd4 Nfd7 52. Ra2 Nc8 53. Rc1 Nd6 54. Rac2 Rc8
55. Rc6 Nxb5 56. Bxb5 Rxb5 57. Rh6 Kg8 58. Rh5 Rxb4 59. Rxg5+ Kf8 60. Rg7 Rxd4
61. Rxd7 c5 62. Rxh7 Kg8 63. Re7 Rd3 64. f6 Rb8 65. Rc2 Rbb3 66. Rg7+ Kf8 67. h4
Rg3+ 68. Kf1 Rbf3+ 69. Ke2 Rg2+ 70. Kd1 Rf1# {White checkmated} 0-1

[Event "Team 45 45 League T25"]
[Site "Internet Chess Club"]
[Date "2005.01.08"]
[Round "4"]
[White "tgralex"]
[Black "donking"]
[Result "0-1"]
[WhiteElo "1713"]
[BlackElo "1794"]
[TimeControl "2700+45"]

1. e4 c5 2. Nf3 Nc6 3. d4 cxd4 4. Nxd4 d6 5. Be3 a6 6. Nc3 Nf6 7. f3 g6 8. Qd2
Bg7 9. g4 O-O 10. h4 Bd7 11. h5 Ne5 12. O-O-O Rc8 13. hxg6 fxg6 14. Be2 b5 15.
Bh6 b4 16. Nd5 Nf7 17. Nxf6+ Bxf6 18. g5 Bg7 19. Bxg7 Kxg7 20. Bxa6 Rc5 21. Qxb4
Nxg5 22. Rdf1 Qc7 23. Bd3 e5 24. Qd2 exd4 25. f4 Nf7 26. Qg2 Bb5 27. Bxb5 Rxb5
28. f5 Ne5 29. Rxh7+ Kxh7 30. Qh3+ Kg7 31. Rh1 Rc5 32. Qh6+ Kf7 33. fxg6+ Ke8
34. g7 Rxc2+ 35. Kb1 Rxb2+ 36. Ka1 Rxa2+ 37. Kxa2 Rf2+ {White resigns} 0-1